 Dungeon Crawl Stone Soup version 0.22-a0-580-gd5db89c09a (webtiles) character file.

95 Kholdaimon the Ducker (level 4, -6/35 HPs)
             Began as a Merfolk Gladiator on July 3, 2018.
             Killed from afar by Natasha (9 damage)
             ... with a magic dart
             ... on level 3 of the Dungeon.
             The game lasted 00:07:22 (1900 turns).

Kholdaimon the Ducker (Merfolk Gladiator)           Turns: 1900, Time: 00:07:23

Health: -6/35      AC:  4    Str: 14    XL:     4   Next: 66%
Magic:  4/4        EV: 14    Int:  8    God:
Gold:   116        SH:  0    Dex: 15    Spells: 3/3 levels left

rFire    . . .     SeeInvis .   a - +0 long sword
rCold    . . .     Gourm    .   (no shield)
rNeg     . . .     Faith    .   b - +0 leather armour
rPois    .         Spirit   .   c - +0 helmet
rElec    .         Reflect  .   (no cloak)
rCorr    .         Harm     .   (no gloves)
MR       .....                  (no boots)
Stlth    +.........             (no amulet)
HPRegen  0.11/turn              (no ring)
MPRegen  0.09/turn              (no ring)

@: no status effects
A: change form in water, swift swim, stealthy swim
a: no special abilities


You were on level 3 of the Dungeon.
You were not hungry.

You visited 1 branch of the dungeon, and saw 3 of its levels.

You collected 116 gold pieces.

Inventory:

Hand Weapons
 a - a +0 long sword (weapon)
 q - a +4 hunting sling
Missiles
 d - 3 throwing nets
 h - 17 poisoned needles
 m - 52 stones (quivered)
 p - 24 sling bullets
Armour
 b - a +0 leather armour (worn)
 c - a +0 helmet (worn)
 e - a +0 ring mail
 g - a +0 chain mail
Jewellery
 s - an uncursed ring of ice {unknown}
Wands
 x - a wand of polymorph (11)
Scrolls
 l - 4 scrolls of identify {unknown}
 t - a scroll of noise {unknown}
 w - a scroll of remove curse {unknown}
 y - a scroll of amnesia {unknown}
Potions
 i - 2 potions of mutation {unknown}
 j - a potion of agility {unknown}
 k - a potion of curing {unknown}
 n - a potion of brilliance {unknown}
 o - a potion of flight {unknown}
 r - 2 potions of might {unknown}
 u - 3 potions of lignification {unknown}
 v - a potion of heal wounds {unknown}
Comestibles
 f - 7 rations
 z - 9 chunks of flesh


   Skills:
 - Level 3.0 Fighting
 * Level 4.8 Long Blades
 - Level 2.0 Throwing
 + Level 4.9 Dodging


You had 3 spell levels left.
You didn't know any spells.
Your spell library was empty.

Dungeon Overview and Level Annotations

Branches:
Dungeon (3/15)

Altars:

Annotations:
D:3 Natasha


Message History

The bat misses you. Natasha claws you!
* * * LOW HITPOINT WARNING * * *
The crimson imp barely misses you. The bat barely misses you.
You riposte.
You barely miss the bat. Natasha claws you!
* * * LOW HITPOINT WARNING * * *
The bat hits you but does no damage.
Natasha mumbles some strange words.
The bat hits you but does no damage.
Natasha mumbles some strange words.
The bat closely misses you. The bat completely misses you. The bat misses you.
You riposte.
You slash the bat!
You kill the bat!
You see here a jackal skeleton.
The crimson imp blinks!
The crimson imp disappears in a puff of smoke!
Natasha stares at you and mumbles some strange words.
The magic dart hits you!
You die...

........# ####.####
..##.##.# #.......#
.###.##.# #.##.##.#
....†##.# #.##.##.#
###..##.# #.##.##.# #
#..##.#######.##.##.#
###..##..<.....#...##.#
.....##########.#..##.#
###### #.@.....#
####.......#
#..........#
....####.......# .....#
#....h..#
......######.###
....?.. #.# ....... #÷#
.......#####§#


You could see Natasha.

Vanquished Creatures
  Natasha (D:3)
  An adder (D:2)
  A shadow imp (D:2)
  2 worms (D:2)
  3 dart slugs
  7 bats
  4 giant cockroaches
  3 goblins
  7 hobgoblins
  2 jackals (D:3)
  A ball python (D:1)
  5 frilled lizards
  3 kobolds
  3 rats (D:1)
43 creatures vanquished.

Notes
Turn   | Place    | Note
-------+----------+-------------------------------------------
     0 | D:1      | Kholdaimon the Merfolk Gladiator began the quest for the Orb.
     0 | D:1      | Reached XP level 1. HP: 16/16 MP: 1/1
   113 | D:1      | Reached XP level 2. HP: 23/23 MP: 2/2
   448 | D:1      | Reached XP level 3. HP: 27/28 MP: 3/3
  1280 | D:2      | Reached XP level 4. HP: 26/35 MP: 4/4
  1678 | D:3      | Noticed Natasha
  1684 | D:3      | Killed Natasha
  1877 | D:3      | Noticed Natasha
  1888 | D:3      | HP: 1/35 [Natasha (7)]
  1900 | D:3      | Killed from afar by Natasha

Vault maps used:
D:1:      matt_arrival_grand_opening, minmay_misc_feat_chi, patterned_corridor
D:3:      kennysheep_big_flooded_room, first_ration, serial_park_tiny_2,
          uniq_terence, uniq_natasha

Skill      XL: |  1  2  3 |
---------------+----------+-----
Long Blades    | 4 |  4.8
Fighting       | 3 |  3.0
Throwing       | |  2.0
Dodging        | |  4.9

Action                   |  1- 3 |  4- 6 || total
-------------------------+-------+-------++-------
Melee: Long sword        |    82 |    37 ||   119
Throw: Stone             |     3 |       ||     3
 Stab: Sleeping          |     1 |     1 ||     2
  Eat: Chunk             |     1 |     2 ||     3
Armor: Leather armour    |    16 |    14 ||    30
Dodge: Dodged            |    81 |    39 ||   120
       Rpst.: Long sword |    25 |    14 ||    39

Table legend:
 A = Spawn XP
 B = Non-spawn XP
 C = Spawn XP percentage of total XP
 D = Spawn monster count
 E = Non-spawn monster count
 F = Spawn count percentage of total count
 G = Total turns spent on level
                    A         B        C        D         E        F      G
               +---------+---------+-------+---------+---------+-------+---------
         Total |       0 |     137 |   0.0 |       0 |      43 |   0.0 |  1900
               +---------+---------+-------+---------+---------+-------+---------
           D:1 |       0 |      37 |   0.0 |       0 |      20 |   0.0 |   816
           D:2 |       0 |      52 |   0.0 |       0 |      14 |   0.0 |   784
           D:3 |       0 |      48 |   0.0 |       0 |       9 |   0.0 |   300
               +---------+---------+-------+---------+---------+-------+---------
